 Dungeon Crawl Stone Soup version 0.27-a0-1189-gb8eb6cee8e (webtiles) character file.

Game seed: 12847638606088033557

2770 freelancePsychic the Slinger (level 10, -2/77 HPs)
             Began as a Formicid Hunter on May 22, 2021.
             Was a Believer of Okawaru.
             Slain by a gnoll shaman
             ... wielding a +0 club
              (4 damage)
             ... on level 6 of the Dungeon.
             The game lasted 00:21:17 (8998 turns).

freelancePsychic the Slinger (Formicid Hunter)      Turns: 8998, Time: 00:21:17

Health: -2/77      AC:  8    Str: 19    XL:     10   Next: 1%
Magic:  10/10      EV: 11    Int: 12    God:    Okawaru [**....]
Gold:   278        SH:  0    Dex: 11    Spells: 9/9 levels left

rFire    . . .     SeeInvis +   b - +5 spear
rCold    . . .     Faith    .   (no shield)
rNeg     . . .     Spirit   .   n - +0 ring mail
rPois    .         Reflect  .   (helmet unavailable)
rElec    .         Harm     .   (no cloak)
rCorr    .         Rampage  .   r - +1 pair of gloves
Will     ++...                  (no boots)
Stlth    +.........             (no amulet)
HPRegen  0.22/turn              o - ring of willpower
MPRegen  0.12/turn              (no ring)

@: attractive
A: permanent stasis, dig shafts and tunnels, antennae 3, four strong arms
a: Dig, Shaft Self, Renounce Religion, Heroism


You were on level 6 of the Dungeon.
You worshipped Okawaru.
Okawaru was pleased with you.
You visited 2 branches of the dungeon, and saw 8 of its levels.

You collected 278 gold pieces.

Inventory:

Hand Weapons
 a - a +2 hunting sling
 b - a +5 spear (weapon)
 p - a +0 short sword
Missiles
 f - 33 bolts
 g - 110 stones
 u - 2 sling bullets
Armour
 n - a +0 ring mail (worn)
 r - a +1 pair of gloves (worn)
Jewellery
 o - a ring of willpower (left hand)
Wands
 q - a wand of flame (14)
 v - a wand of iceblast (11)
Scrolls
 i - a scroll of amnesia
 j - a scroll of enchant weapon
 s - 4 scrolls of identify {@r1}
Potions
 c - a potion of lignification {unknown}
 e - a potion of berserk rage
 h - a potion of brilliance {unknown}
 k - 2 potions of attraction
 l - 2 potions of curing {@q1}
 m - 2 potions of degeneration {unknown}
 t - a potion of ambrosia {unknown}


   Skills:
 - Level 6.5 Fighting
 * Level 11.8 Slings
 - Level 6.1 Armour
 - Level 1.7 Dodging
 - Level 1.2 Stealth


You had 9 spell levels left.
You didn't know any spells.
Your spell library was empty.

Dungeon Overview and Level Annotations

Branches:
Dungeon (7/15)             Temple (1/1) D:7

Altars:
Hepliaklqana
Kikubaaqudgha
Nemelex Xobeh
Okawaru
Qazlal
Sif Muna
Vehumet
Yredelemnul
Zin
The Shining One

Annotations:
D:4 Grinder
D:6 1 runed translucent door, tehphobia's ghost, novice DrCj


Innate Abilities, Weirdness & Mutations

You cannot be hasted, slowed, berserked, paralysed or teleported.
You can dig through walls and to a lower floor.
You have a pair of large antennae on your head. (SInv)
Your four strong arms can wield two-handed weapons with a shield.


Message History

The scorpion is almost dead.
The scorpion closely misses you.
The scorpion stings you but does no damage.
You hit the scorpion.
You kill the scorpion!
Okawaru accepts your kill.
You have reached level 10!
The gnoll is pulled toward you!
The centaur zombie is pulled toward you!
The gnoll is pulled toward you! The gnoll is pulled toward you!
The centaur zombie is pulled toward you!
The gnoll hits you but does no damage. The gnoll is pulled toward you!
The centaur zombie is pulled toward you!
The gnoll hits you from afar with a +0 spear. x2
The gnoll shaman mumbles some strange prayers to its god against you.
You resist with almost no effort. The gnoll shaman is pulled toward you!
The gnoll is pulled toward you!
The centaur zombie is pulled toward you!
The gnoll misses you. The gnoll hits you but does no damage.
The gnoll is pulled toward you!
The centaur zombie is pulled toward you!
There is a stone staircase leading down here.
The gnoll hits you with a +0 spear.
The gnoll shaman hits you with a +0 club.
You climb downwards.
Level annotation: 1 runed translucent door, tehphobia's ghost, novice DrCj
There is a stone staircase leading up, spattered with blood here.
The gnoll hits you from afar with a +0 spear.
The gnoll hits you from afar with a +0 spear!
* * * LOW HITPOINT WARNING * * *
The gnoll shaman hits you with a +0 club!
* * * LOW HITPOINT WARNING * * *
The gnoll is pulled toward you!
As you read the scroll labelled QAERCH WEPOTU, it crumbles to dust.
You feel a strange sense of stasis.
It was a scroll of teleportation.
The gnoll hits you with a +0 spear!
* * * LOW HITPOINT WARNING * * *
The gnoll shaman hits you with a +0 club.
You die...

##.....##..#.....#.......'....#..
.+.....##..#.....#.......#....#..
.#.....#...'.....#.......#....###
##.....#...#.....#.......#....#..
##.....'...#.....#...##..#....#..
#......#...#.....#...##..#....#..
#......###'#.....'.......+....#..
#......#.........#.......#....#..
#......#........@#...##+##....#..
########..[....gg#...##..#....#..
#..............).#.......#....#).
#...........######........#######
#.......##'##...#######...#
'.......'.......#.....#####
#.......#..######.....#
#.......####..........#
......................#


You could see a gnoll shaman and a gnoll (fast).

Vanquished Creatures
  Sigmund (D:6)
  A shadow (D:5)
  A steam dragon (D:6)
  Menkaure (D:4)
  Duvessa (D:5)
  A water moccasin (D:7)
  A sky beast (D:7)
  A black bear (D:3)
  An orc warrior (D:7)
  3 necrophages
  A centaur (D:7)
  2 ogres
  Blork the orc (D:5)
  A bullfrog (D:6)
  3 scorpions
  Dowan (D:5)
  A water moccasin zombie (D:5)
  A water moccasin skeleton (D:5)
  4 wights (D:7)
  A jelly (D:6)
  A hound (D:6)
  A gnoll shaman (D:3)
  An orc priest (D:4)
  2 bullfrog skeletons (D:6)
  An iguana (D:5)
  4 orc wizards
  A hound zombie (D:5)
  A howler monkey skeleton (D:4)
  Robin (D:4)
  7 gnolls (D:3)
  7 adders
  A white imp (D:6)
  4 worms
  26 orcs
  8 endoplasms
  2 giant cockroaches (D:3)
  16 goblins
  4 hobgoblins (D:3)
  A jackal (D:5)
  3 quokkas
  4 ball pythons
  8 bats
  2 frilled lizards
  8 kobolds
  A rat (D:1)
143 creatures vanquished.

Notes
Turn   | Place    | Note
-------+----------+-------------------------------------------
     0 | D:1      | freelancePsychic the Formicid Hunter began the quest for
                  | the Orb.
     0 | D:1      | Reached XP level 1. HP: 16/16 MP: 1/1
   293 | D:1      | Reached XP level 2. HP: 23/23 MP: 2/2
   826 | D:2      | Reached skill level 1 in Armour
   826 | D:2      | Reached XP level 3. HP: 15/28 MP: 3/3
  1254 | D:2      | Reached skill level 5 in Slings
  1680 | D:3      | Reached XP level 4. HP: 34/34 MP: 4/4
  1708 | D:3      | Reached XP level 5. HP: 22/41 MP: 5/5
  2695 | D:3      | Reached skill level 6 in Slings
  2994 | D:4      | Reached XP level 6. HP: 47/47 MP: 6/6
  3152 | D:4      | Noticed a black bear
  3153 | D:4      | Noticed Grinder
  3185 | D:3      | Killed a black bear
  3690 | D:4      | Noticed Menkaure
  3698 | D:4      | Killed Menkaure
  3699 | D:4      | Reached skill level 7 in Slings
  3699 | D:4      | Reached XP level 7. HP: 29/55 MP: 7/7
  3723 | D:4      | Noticed Robin
  3725 | D:4      | Killed Robin
  3939 | D:5      | Entered Level 5 of the Dungeon
  3946 | D:5      | Noticed Duvessa
  3946 | D:5      | Noticed Dowan
  4193 | D:5      | Noticed Blork the orc
  4712 | D:6      | Found a glowing silver altar of Zin.
  4726 | D:6      | Reached XP level 8. HP: 57/61 MP: 8/8
  4776 | D:6      | Reached skill level 5 in Fighting
  4776 | D:6      | Reached skill level 8 in Slings
  5447 | D:6      | You fall into a shaft and drop 1 floor!
  5589 | D:7      | Found a staircase to the Ecumenical Temple.
  5660 | D:7      | Reached skill level 5 in Armour
  5687 | Temple   | Entered the Ecumenical Temple
  5809 | Temple   | Became a worshipper of Warmaster Okawaru
  6012 | D:7      | Reached skill level 9 in Slings
  6089 | D:7      | Reached XP level 9. HP: 51/69 MP: 9/9
  6224 | D:7      | Reached * piety under Okawaru
  7016 | D:6      | Reached skill level 10 in Slings
  7020 | D:6      | Noticed tehphobia's ghost (novice DrCj)
  7026 | D:6      | Found a runed translucent door.
  7121 | D:6      | Noticed Sigmund
  7548 | D:5      | Killed Blork the orc
  7698 | D:5      | Killed Duvessa
  7743 | D:5      | Killed Dowan
  8165 | D:5      | Reached ** piety under Okawaru
  8166 | D:5      | Reached skill level 11 in Slings
  8425 | D:6      | Killed Sigmund
  8988 | D:5      | Reached XP level 10. HP: 42/77 MP: 10/10
  8998 | D:6      | HP: 2/77 [gnoll/+0 spear (8)]
  8998 | D:6      | Slain by a gnoll shaman

Illustrated notes

Levels and vault maps discovered:
D:1:      minmay_arrival_nine_rooms, layout_basic
D:2:      layout_basic, minmay_pentomino_r4
D:3:      layout_loops_ring
D:4:      layout_loops_cross, uniq_grinder, uniq_menkaure, uniq_robin
D:5:      cheibrodos_barr_body, layout_basic, uniq_blork_the_orc, uniq_duvessa
D:6:      layout_gridville, general_overflow_altar,
          hellmonk_ghost_happy_afterlife, uniq_sigmund
D:7:      layout_rooms, minmay_temple_entry_junction
Temple:   nicolae_temple_the_god_donut

Skill      XL: |  1  2  3  4  5  6  7  8  9 |
---------------+----------------------------+-----
Armour         | 1 2 3 4 5 6 |  6.1
Slings         | 5 6 7 9 11 | 11.8
Fighting       | 3 4 6 |  6.5
Dodging        | |  1.7
Stealth        | |  1.2

Action                   |  1- 3 |  4- 6 |  7- 9 | 10-12 || total
-------------------------+-------+-------+-------+-------++-------
Melee: Spear             |       |       |   217 |       ||   217
 Fire: Hunting sling     |    83 |   207 |   216 |       ||   506
 Abil: Dig               |       |       |     2 |       ||     2
  Use: Scroll            |       |     5 |     4 |     1 ||    10
       Potion            |       |       |     3 |       ||     3
 Stab: Sleeping          |       |       |     1 |       ||     1
Armor: Leather armour    |     2 |       |       |       ||     2
       Ring mail         |     2 |    23 |    91 |     2 ||   118
Dodge: Dodged            |    12 |    46 |   138 |     1 ||   197

Table legend: (Time is in decaauts)
 A = Elapsed time spent in this place.
 B = Non-inter-level travel time spent in this place.
 C = Inter-level travel time spent in this place.
 D = Time resting spent in this place.
 E = Time spent auto-exploring this place.
 F = Levels seen in this place.
 G = Mean time per level.
                   A        B        C        D        E       F      G
               +--------+--------+--------+--------+--------+-----+--------+
         Total |   8940 |   8617 |    323 |   2256 |   4799 |   8 | 1117.5 |
       Dungeon |   8808 |   8495 |    313 |   2256 |   4683 |   7 | 1258.3 |
        Temple |    132 |    122 |     10 |      0 |    116 |   1 |  132.0 |
               +--------+--------+--------+--------+--------+-----+--------+

Top non-repeatable levels by time:
     D:6: 2357 daAuts
     D:5: 1434 daAuts
     D:3: 1298 daAuts
     D:2: 1113 daAuts
     D:7: 1096 daAuts
     D:1: 755 daAuts
     D:4: 751 daAuts
  Temple: 132 daAuts
